 Dungeon Sprint DCSS version 0.21-a0-59-g7b0e191 (webtiles) character file.

120 Kidiri the Skirmisher (level 4, -29/48 HPs)
             Began as a Troll Fighter on June 16, 2017.
             Was a Believer of Wu Jian.
             Killed from afar by a deep elf mage (35 damage)
             ... with a bolt of cold
             ... in the Dungeon (Sprint VII: "The Pits").
             The game lasted 00:02:07 (255 turns).

Kidiri the Skirmisher (Troll Fighter)                Turns: 255, Time: 00:02:08

Health: -29/48     AC:  5    Str: 25    XL:     4   Next: 75%
Magic:  3/3        EV: 11    Int:  4    God:    Wu Jian [**....]
Gold:   0          SH:  0    Dex:  9    Spells: 3/3 levels left

rFire    . . .     SeeInvis .   a - +2 mace
rCold    . . .     Gourm    +   (no shield)
rNeg     . . .     Faith    .   b - +0 robe
rPois    .         Spirit   .   (helmet restricted)
rElec    .         Reflect  .   (no cloak)
rCorr    .         Harm     .   (gloves unavailable)
MR       .....     NoTele   +   (boots unavailable)
Stlth    ++........             (no amulet)
HPRegen  0.56/turn              (no ring)
MPRegen  0.08/turn              (no ring)

@: no status effects
A: unfitting armour, claws 3, fast metabolism 3, gourmand, regeneration 1,
shaggy fur 1, tough skin 2
a: Renounce Religion


You were in the Dungeon.
You worshipped Wu Jian.
Wu Jian was pleased with you.
You were not hungry.

You visited 1 branch

Inventory:

Hand Weapons
 a - a +2 mace (weapon)
Armour
 b - a +0 robe (worn)
Scrolls
 k - a scroll of blinking
 l - 3 scrolls of remove curse
 m - 5 scrolls of amnesia
 n - a scroll of summoning
Potions
 c - 2 potions of invisibility
 d - a potion of might
 e - a potion of curing
 g - a potion of heal wounds
 h - a potion of haste
 i - 4 potions of magic
 j - 3 potions of berserk rage
Comestibles
 f - 9 bread rations
 o - 40 fruits
 p - 7 meat rations


   Skills:
 * Level 4.2 Fighting
 * Level 3.9 Maces & Flails
 + Level 2.4 Throwing
 * Level 3.0 Armour
 * Level 4.1 Dodging
 * Level 2.2 Stealth
   Level 2.4 Shields


You had 3 spell levels left.
You didn't know any spells.

Dungeon Overview and Level Annotations

Branches:
Dungeon (1/1)

Altars:
Ashenzari
Cheibriados
Dithmenos
Elyvilon
Fedhas
Gozag
Hepliaklqana
Kikubaaqudgha
Makhleb
Nemelex Xobeh
Okawaru
Qazlal
Ru
Sif Muna
Trog
Uskayaw
Vehumet
Wu Jian
Xom
Yredelemnul
Zin
The Shining One
Beogh
Jiyva
Lugonu


Innate Abilities, Weirdness & Mutations

You are too large for most types of armour.
You have claws for hands.
Your metabolism is lightning-fast.
You like to eat raw meat.
Your natural rate of healing is unusually fast.
You are covered in fur. (AC +1)
You have very tough skin. (AC +2)


Message History

The deep elf mage casts a spell.
There is an open door here.
You close the door.
You start waiting.
You attack the ice beast from above.
You barely miss the ice beast. The ice beast hits you.
The ice beast freezes you!
Unknown command.
You spin and attack the ice beast.
You hit the ice beast.
The ice beast is lightly wounded.
The ice beast hits you. The ice beast freezes you!
You see here a club.
Unknown command.
You spin and attack the ice beast.
You sock the ice beast!
The ice beast is heavily wounded.
The ice beast hits you. The ice beast freezes you!
* * * LOW HITPOINT WARNING * * *
The deep elf mage points at you and mumbles some strange words.
The bolt of cold hits you!
Ouch! That really hurt!
You die...

##########+##...........
#.?(.+)))+.##......#..#.
##########.##...........
#..........)'...........
#+#####'#####......#..#.
#..%..##...........
#####'#####+#####++
#...).##.......#
#..@Y.##.......#
###e####.......#
#....K##...<...#
........##.......#
#........##.......#
###########.......#
#########


You could see a deep elf mage and an ice beast.

Vanquished Creatures
  A floating eye (D)
  A river rat (D)
  2 bats (D)
  A hobgoblin (D)
  A kobold (D)
  A rat (D)
7 creatures vanquished.

Notes
Turn   | Place    | Note
-------+----------+-------------------------------------------
     0 | D        | Kidiri the Troll Fighter began the quest for the Orb.
     0 | D        | Reached XP level 1. HP: 22/22 MP: 0/0
    60 | D        | Found a bloodstained altar of Trog.
    60 | D        | Found a deep blue altar of Sif Muna.
    60 | D        | Found a viscous altar of Jiyva.
    60 | D        | Found a hazy altar of Hepliaklqana.
    60 | D        | Found an opulent altar of Gozag.
    61 | D        | Found a glowing golden altar of the Shining One.
    61 | D        | Found a glowing silver altar of Zin.
    61 | D        | Found a basalt altar of Yredelemnul.
    61 | D        | Found a shimmering altar of Xom.
    61 | D        | Found an ornate altar of the Wu Jian Council.
    61 | D        | Found a sacrificial altar of Ru.
    61 | D        | Found a stormy altar of Qazlal.
    61 | D        | Found an iron altar of Okawaru.
    61 | D        | Found a sparkling altar of Nemelex Xobeh.
    61 | D        | Found a burning altar of Makhleb.
    61 | D        | Found a blossoming altar of Fedhas.
    61 | D        | Found a white marble altar of Elyvilon.
    61 | D        | Found a shadowy altar of Dithmenos.
    61 | D        | Found a snail-covered altar of Cheibriados.
    63 | D        | Found a radiant altar of Vehumet.
    63 | D        | Found a corrupted altar of Lugonu.
    63 | D        | Found a roughly hewn altar of Beogh.
    64 | D        | Found a hide-covered altar of Uskayaw.
    64 | D        | Found an ancient bone altar of Kikubaaqudgha.
    64 | D        | Found a shattered altar of Ashenzari.
    70 | D        | Became a worshipper of the Wu Jian Council
    87 | D        | Noticed a floating eye
    93 | D        | Paralysed by a floating eye for 4 turns
    97 | D        | Killed a floating eye
    97 | D        | Reached XP level 2. HP: 32/32 MP: 1/1
    97 | D        | Reached XP level 3. HP: 39/39 MP: 2/2
    97 | D        | Reached XP level 4. HP: 48/48 MP: 3/3
   106 | D        | Reached * piety under Wu Jian
   112 | D        | Noticed a deep elf mage
   243 | D        | Reached ** piety under Wu Jian
   246 | D        | Noticed an ice beast
   255 | D        | Killed from afar by a deep elf mage

Vault maps used:
D:        pitsprint

Skill      XL: |  1  2  3  4 |
---------------+-------------+-----
Fighting       | 4 |  4.2
Maces & Flails | 3 |  3.9
Throwing       | 2 |  2.4
Armour         | 2 3 |  3.0
Dodging        | 4 |  4.1
Stealth        | 2 |  2.2
Shields        | |  2.4

Action                   |  1- 3 |  4- 6 || total
-------------------------+-------+-------++-------
Melee: Mace              |     6 |    17 ||    23
       Unarmed           |     2 |       ||     2
 Stab: Sleeping          |     1 |       ||     1
Armor: Robe              |       |     8 ||     8
Dodge: Dodged            |       |    17 ||    17
